woodfighter, chaotic female orcish Cavewoman -------- --------- |......| |.......| ------- |).....| |.......---- |.)...| |....>..# |..........| #-.....| |......|# |...........# ###|.....| ---|----# |.......----## I`############### # ---.--- # # |.......|#### -------|------- ### # ### # -.-------# # #.............(| # # # # ## ####### # ###|..............## # ### # # # # |.............| # # ## ### # ### --------------- ## # #-----.---------- # # -.----- # #|..............|##### ### |..)..| # #|....*.........| ## # #####################-.....| # #|...........<..| ##------# |.....| --.--- #|..............+#####|.@..|#########I`####################-.....| |..{.| ---------------- ##..Y...# ------- |....-##########################|.P..|# ------ ------ woodfighter the Young Cave Woman Experience level: 6 Strength: 18/04 Dexterity: 16 Constitution: 15 Intelligence: 10 Wisdom: 8 Charisma: 7 Health: 0(41) Energy: 20(20) Def: 2 Gold: 1167 Moves: 3692 Dungeon seed: b_wmFb1SPIrZAV_l Game ID: woodfighter_1485968132 Your Inventory: Coins $ - 1167 gold pieces Weapons a - a +1 club (weapon in hand) b - a +2 sling (alternate weapon; not wielded) Armor n - an uncursed +0 small shield q - an uncursed +0 leather armor (being worn) r - an uncursed +0 mummy wrapping Comestibles c - 2 uncursed food rations f - 2 uncursed lembas wafers k - 2 uncursed sprigs of wolfsbane D - an uncursed tin of violet fungus H - an uncursed tripe ration I - an uncursed egg J - an uncursed cram ration L - an uncursed mango Scrolls l - 2 uncursed scrolls of identify o - an uncursed scroll of enchant weapon s - an uncursed scroll of remove curse t - 4 uncursed scrolls of scare monster w - 2 uncursed scrolls of identify x - 2 blessed scrolls of enchant weapon A - an uncursed scroll of enchant armor F - a blessed scroll of magic mapping Potions i - 2 uncursed potions of water m - a cursed potion of object detection B - an uncursed potion of invisibility C - an uncursed potion of booze Rings G - an uncursed ring of sustain ability Wands g - a wand of polymorph (0:8) Tools y - an uncursed skeleton key E - a cursed tallow candle (0:200) K - an uncursed towel Gems e - 10 uncursed flints (in quiver) Spells and supernatural/magical abilities: Name Level Category Fail Memory W - pray for help -- divine ? -- Your skills at the end: Miscellaneous Skills bare handed combat [Basic] Weapon Skills scimitar [Basic] club [Basic] sling [Basic] Spellcasting Skills Final Attributes: You were piously aligned. You were poison resistant. You had infravision. You were very stealthy. You are dead. Vanquished creatures: a large mimic a leprechaun a dingo a housecat 3 fire ants a rock piercer a fog cloud a kobold mummy a kitten a kobold shaman 2 iguanas 2 rothes a rabid rat 2 jitterbugs an orc zombie a coyote a hobbit 2 acid blobs 6 geckos a brown mold 2 yellow molds 4 gnomes 6 jackals 2 foxes 3 kobolds 4 newts 4 sewer rats 5 grid bugs 2 bats 2 lichens 2 kobold zombies 67 creatures vanquished. Voluntary challenges: You did not adorn yourself with jewelry or accessories. You did not cause conflict. You were not invisible. You did not have reflection. You were not displaced. You had been an atheist until turn 2964. You used a wielded weapon 97 times, starting on turn 11. You did not apply a unicorn horn. You did not use plumbed fixtures. You did not drink any magical draughts. You were illiterate. You never genocided any monsters. You never polymorphed an object. You never changed form. You used no wishes. You never split a pudding. You never wrote Elbereth's name. You never violated your personal moral code. Dungeon overview: The Dungeons of Doom: levels 1 to 8 Level 1 (locked box vault) a fountain a long staircase Level 2 Level 3 some fountains stairs to The Gnomish Mines Level 4 (vault) a scroll shop Level 5 some fountains Level 6 a fountain Level 7 a fountain Level 8 <- You were here a fountain The Gnomish Mines: Level 4 stairs to The Dungeons of Doom History has recorded: On T:1 you entered the Dungeons of Doom to retrieve the Amulet of Yendor! On T:302 you reached level 2 of The Dungeons of Doom. On T:428 you advanced to experience level 2. On T:648 you reached level 3 of The Dungeons of Doom. On T:1051 you reached level 4 of The Dungeons of Doom. On T:1057 you advanced to experience level 3. On T:1240 you reached level 1 of The Gnomish Mines. On T:1439 you advanced to experience level 4. On T:1688 you reached level 5 of The Dungeons of Doom. On T:1752 you advanced to experience level 5. On T:1925 you reached level 6 of The Dungeons of Doom. On T:2598 you reached level 7 of The Dungeons of Doom. On T:2601 you advanced to experience level 6. On T:2837 you reached level 8 of The Dungeons of Doom. On T:2964 you prayed to Anshar. Score breakdown: Gold: 1167 ( 116 points) Experience: 6 levels ( 500 points) Exploration: 8 levels ( 210 points) Discoveries: 14 items ( 700 points) Variety of kills: 31 monsters ( 1550 points) Major goal: (nothing yet) ( 0 points) Survival: died (score multiplied by 3) Total score: 9228 Latest messages: You succeed in unlocking the door. The door opens. You finish searching. This door is locked. You succeed in unlocking the door. The door opens. You stop exploring. You hit the rock piercer! (3x) You kill the rock piercer! You see here a rock piercer corpse. This rock piercer corpse tastes terrible! You finish eating the rock piercer corpse. You hear a monster behind the boulder. Perhaps that's why you cannot move it. You hear a monster behind the boulder. Perhaps that's why you cannot move it. You stop exploring. The white unicorn butts! The white unicorn kicks! The white unicorn butts! The white unicorn kicks! You hit the owlbear! The owlbear claws you! (2x) You die... Final status: Goodbye woodfighter the Cavewoman, killed by an owlbear... You died in The Dungeons of Doom on dungeon level 8 with 9228 points, and 1167 pieces of gold, after 3692 moves. You were level 6 with a maximum of 41 hit points when you died.